 Dungeon Crawl Stone Soup version 0.32-a0-918-g0f22ef8d61 (webtiles) character file.

Game seed: 1940034512918286315

86 uglyjohn the Ruffian (level 4, -5/29 HPs)
             Began as an Octopode Shapeshifter on Apr 11, 2024.
             Killed from afar by an orc wizard (9 damage)
             ... with a magic dart
             ... on level 2 of the Dungeon.
             The game lasted 00:02:45 (1299 turns).

uglyjohn the Ruffian (Octopode Shapeshifter)        Turns: 1299, Time: 00:02:45

Health: -5/29      AC:  1    Str: 21    XL:     4   Next: 49%
Magic:  4/4        EV: 12    Int: 12    God:
Gold:   80         SH:  0    Dex: 11    Spells: 3/3 levels left

rFire   . .          .
                       - Unarmed
rCold   . . .        (no shield)
rNeg    . . .        (helmet currently unavailable)
rPois   .            (no amulet)
rElec   .            m - +6 ring of strength
rCorr   .            (no ring)
SInv    .            (no ring)
Will    .....        (no ring)
Stlth   ++           (no ring)
HPRegen 0.24/turn    (no ring)
MPRegen 0.09/turn    (no ring)
                     (no ring)

%: no passive effects
@: beast-form
A: beast (slay +2), almost no armour, amphibious, 8 rings, camouflage 1,
gelatinous body 1, (nimble swimmer 1), tentacles
a: Begin Untransformation


You were on level 2 of the Dungeon.
You were a hulking beast.
You visited 1 branch of the dungeon, and saw 2 of its levels.

You collected 80 gold pieces.

Inventory:

Armour
 f - a +0 hat
Jewellery
 m - a +6 ring of strength (left tentacle)
Talismans
 b - a beast talisman (active)
 c - a flux talisman
Scrolls
 d - a scroll of teleportation {unknown}
 g - a scroll of vulnerability {unknown}
 k - a scroll of immolation {unknown}
 l - a scroll of noise {unknown}
Potions
 a - a potion of lignification
 e - a potion of might {unknown}
 h - 2 potions of curing {unknown}
 i - 2 potions of degeneration {unknown}
 j - a potion of attraction {unknown}
 n - a potion of brilliance {unknown}


   Skills:
 + Level 1.7 Fighting
 + Level 2.5 Dodging
 * Level 3.8 Unarmed Combat
 * Level 3.7 Shapeshifting


You had 3 spell levels left.
You didn't know any spells.
Your spell library contained the following spells:

 Spells                   Type           Power      Damage    Failure   Level
 Slow                     Hex            0%         N/A       32%         1
 Confusing Touch          Hex            0%         N/A       69%         3
 Vampiric Draining        Necr           0%         2d6       69%         3


Dungeon Overview and Level Annotations

Branches:
Dungeon (2/15)

Altars:


Innate Abilities, Weirdness & Mutations

You are a hulking beast.
Your limbs bulge with bestial killing power. (Slay +2)
You cannot wear most types of armour.
You are amphibious.
You can wear up to eight rings at the same time.
Your skin changes colour to match your surroundings (Stealth+).
Your rubbery body absorbs attacks. (AC +1, EV +1)
((You are camouflaged when in or above water. (Stealth+)))
You have tentacles for arms and can constrict up to eight enemies at once.


Message History

(press Y on the ability menu to convert to Beogh)
You see here a +0 whip.
The orc priest shouts, "Surrender to Beogh and we'll let you live!"
You tentacle-slap the orc.
The orc priest threatens, "Beogh's wrath is as vast as their mercy.
Make your choice!"
Your grab misses the orc. You tentacle-slap the orc.
Your squeeze misses the orc.
The orc is heavily wounded.
The orc barely misses you.
You closely miss the orc. You grab the orc.
The orc is heavily wounded.
You constrict the orc.
You kill the orc!
You bludgeon the orc!
You kill the orc!
You have reached level 4!
You tentacle-slap the orc priest. Your grab misses the orc priest.
The orc priest is moderately wounded.
The orc priest threatens, "Beogh's wrath is as vast as their mercy.
Make your choice!" The orc priest barely misses you.
You barely miss the orc priest. Your grab misses the orc priest.
The orc priest is moderately wounded.
The orc priest hits you with a +0 flail.
* * * LOW HITPOINT WARNING * * *
Unknown command.
The orc wizard shouts!
You tentacle-slap the orc priest. You grab the orc priest.
The orc priest is severely wounded.
You constrict the orc priest.
The orc wizard casts a spell.
The orc wizard flickers and vanishes!
Deactivating autopickup; reactivate with Ctrl-A.
The orc priest misses you.
Unknown command.
You tentacle-slap the orc priest.
You kill the orc priest!
Okay, then.
A magic dart appears from out of thin air!
The magic dart hits you!
You die...

# #.# #.....#..#.#
# #.# ###...#..#.#
# #.# #...#..#.. #
#.# #...###### #
#.#
#o####..>.....# #
#.#
#.o.....##...)#
###÷############{#
.#### ..........#
#)# # ..........#
#h# ..........#
#.# ###.#######
#.# #.# #.# #.#
#.# #.# #.# ###.#
###### #.#
..#.###≈≈≈≈### #.#
..#.#≈≈≈≈≈≈≈≈###.#


There were no monsters in sight!

Vanquished Creatures
  An orc priest (D:2)
  3 orcs (D:2)
  6 ball pythons
  8 bats
  2 endoplasms
  7 goblins
  4 hobgoblins
  9 jackals
  A quokka (D:2)
  3 frilled lizards
  A kobold (D:2)
  2 rats (D:1)
47 creatures vanquished.

Notes
Turn   | Place    | Note
-------+----------+-------------------------------------------
     0 | D:1      | uglyjohn the Octopode Shapeshifter began the quest for the
                  | Orb.
     0 | D:1      | Reached XP level 1. HP: 13/13 MP: 1/1
   147 | D:1      | Reached XP level 2. HP: 18/18 MP: 2/2
   584 | D:1      | Reached XP level 3. HP: 19/23 MP: 3/3
   761 | D:2      | Found a faded altar of an unknown god.
  1294 | D:2      | Reached XP level 4. HP: 4/28 MP: 4/4
  1299 | D:2      | Killed from afar by an orc wizard

Illustrated notes

Levels and vault maps discovered:
D:1:      lemuel_arrival_muddy, layout_loops_ring, serial_forest,
          infiniplex_forest_clump_curved, infiniplex_forest_lined_room_2,
          infiniplex_forest_zigzag_1, infiniplex_forest_lined_1,
          infiniplex_forest_zigzag_1, infiniplex_forest_zigzag_1,
          infiniplex_forest_clump_tiny, minmay_domino_4
D:2:      layout_basic, nicolae_ecumenical_lake_church, st_stairs_9,
          uniq_crazy_yiuf_cottage

Action                     |  1- 3 |  4- 6 || total
---------------------------+-------+-------++-------
  Melee: Unarmed           |    68 |     4 ||    72
         Constrict         |    22 |     1 ||    23
         Tentacles         |    16 |       ||    16
         Punch             |     2 |       ||     2
   Stab: Sleeping          |     8 |       ||     8
 Armour: Skin              |    29 |     2 ||    31
  Dodge: Dodged            |    49 |     2 ||    51

Table legend: (Time is in decaauts)
 A = Elapsed time spent in this place.
 B = Non-inter-level travel time spent in this place.
 C = Inter-level travel time spent in this place.
 D = Time resting spent in this place.
 E = Time spent auto-exploring this place.
 F = Levels seen in this place.
 G = Mean time per level.
                   A        B        C        D        E       F      G
               +--------+--------+--------+--------+--------+-----+--------+
         Total |   1293 |   1265 |     28 |      0 |    974 |   2 |  646.5 |
       Dungeon |   1293 |   1265 |     28 |      0 |    974 |   2 |  646.5 |
               +--------+--------+--------+--------+--------+-----+--------+

Top non-repeatable levels by time:
     D:1: 696 daAuts
     D:2: 597 daAuts
